Map: Void Thrashing

Players

NamroodTuo

  • Race: Zerg Zerg

Фуфел

  • Race: Terran Terran
  • Spawn Location: 9:00

VOD

Have the link to the VOD?

Description

Time

  • Played on: March 17, 2023, 1:46 p.m.
  • Length: 19:49
Show
View Real Time Build Order
Export as new Build Order

NamroodTuo Zerg 

Build Orders:  

Get SALT Encoding   

  12  0:13  Overlord  
  12  0:29  Infested SCV  
  13  0:30  Infested SCV  
  13  0:32  Infested SCV  
  15  0:50  Infested SCV  
  15  0:51  Infested SCV  
  17  1:06  Infested Barracks  
  17  1:09  Infested SCV  
  18  1:21  Overlord  
  18  1:30  Infested Refinery  
  18  1:37  Infested SCV  
  19  1:43  Infested Refinery  
  19  1:54  Overlord  
  19  2:08  Infestation Level 1  
  19  2:14  Infested SCV  
  20  2:26  Infested SCV  
  21  2:34  Infested Barracks Tech Lab  
  21  2:40  Infested Engineering Bay  
  21  2:44  Infested SCV  
  22  3:12  Infested SCV  
  22  3:14  Overlord  
  23  3:26  Infested Factory  
  23  3:41  Stukov Infantry Armor Level 1  
  23  4:08  Anaerobic Enhancement  
  23  4:24  Infested SCV  
  23  4:25  Infested SCV x3  
  27  4:32  Retinal Augmentation  
  27  4:59  Infested Command Center  
  27  5:02  Infested SCV  
  27  5:07  Overlord  
  28  5:26  Infested Marine x2  
  28  5:27  Infested Marine x3  
  28  5:28  Infested Marine  
  34  5:31  Infested SCV  
  34  5:32  Overlord  
  35  6:03  Overlord, Infested Armory  
  35  6:06  Overlord  
  35  6:21  Stukov Infantry Weapons Level 1  
  35  6:56  Infested SCV x3  
  35  6:57  Infested SCV  
  37  7:12  Infested SCV  
  37  7:13  Infested Bunker  
  38  7:38  Infestation Level 2  
  38  7:44  Infested SCV x2  
  40  7:51  Infested SCV  
  40  7:52  Infested SCV  
  40  7:56  Infested SCV  
  40  7:57  Infested SCV  
  44  8:03  Infested SCV  
  45  8:12  Infested SCV x2  
  45  8:17  Infested SCV  
  48  8:22  Unknown  
  48  8:59  Infested Bunker  
  52  9:00  Overlord  
  52  9:01  Overlord, Stukov Infantry Armor Level 2  
  52  9:04  Infested SCV  
  52  9:05  Aggressive Incubation  
  53  9:40  Infested SCV x2  
  53  9:45  Overlord x3  
  53  9:46  Overlord x2  
  59  10:06  Infested Bunker  
  59  10:07  Infested Bunker  
  59  10:08  Overlord  
  63  10:27  Infested Marine x2  
  63  10:28  Infested Marine x8  
  73  10:38  Infested SCV x3  
  76  10:43  Infested Refinery  
  76  10:49  Infested Refinery  
  70  11:21  Infested Bunker  
  74  11:33  Infested Bunker  
  74  11:34  Infested Bunker  
  74  11:35  Overlord  
  78  12:00  Overlord x2  
  78  12:01  Overlord x2  
  78  12:11  Stukov Infantry Weapons Level 2  
  82  12:21  Infested Bunker  
  82  12:23  Infested Missile Turret  
  82  12:50  Infested Missile Turret  
  82  13:07  Infested Missile Turret  
  82  13:28  Infested Marine x2  
  82  13:29  Infested Marine x8  
  92  13:41  Infested Barracks  
  92  13:51  Infested Barracks  
  96  14:11  Infested Marine x2  
  96  14:12  Infested Marine x6  
  104  14:29  Infested Marine  
  105  14:30  Infested Marine x3  
  108  14:46  Infested Bunker  
  112  14:55  Infested Bunker  
  118  15:08  Infested Bunker  
  122  15:14  Infested Marine x4  
  122  15:15  Infested Marine x7  
  122  15:16  Infested Marine  
  133  15:21  Stukov Infantry Armor Level 3  
  133  15:24  Overseer x4  
  129  15:31  Infested Marine  
  129  15:32  Infested Marine x10  
  129  15:33  Infested Marine  
  129  15:34  Infested Bunker  
  129  15:39  Infested Marine  
  138  15:40  Infested Marine x8  
  142  15:57  Infested Bunker  
  137  16:21  Infested Bunker  
  133  16:46  Infested Bunker  
  130  16:53  Infested Marine  
  130  16:54  Infested Marine x18  
  130  16:55  Infested Marine  
  130  16:57  Overlord x3  
  144  17:14  Infested Barracks  
  130  17:38  Infested Barracks  
  130  17:39  Infested Barracks  
  126  18:08  Infested Marine  
  126  18:09  Infested Marine x6  
  130  18:10  Infested Marine x21  
  130  18:11  Infested Marine x2  
  147  18:38  Infested Marine  
  147  18:39  Infested Marine x14  
  155  18:40  Infested Marine x11  
  166  18:59  Infested Marine x2  
  156  19:00  Infested Marine x2  
  138  19:25  Infested Marine  
  138  19:26  Infested Marine x12  
  138  19:27  Infested Marine x19  
  138  19:28  Infested Marine x7  
Show
View Real Time Build Order
Export as new Build Order

Фуфел Terran 

Build Orders:  

Get SALT Encoding   

  12  0:27  Supply Depot  
  12  0:32  SCV  
  13  0:49  SCV  
  14  1:06  SCV  
  15  1:23  SCV  
  15  1:24  Refinery  
  15  1:26  Refinery  
  16  1:40  SCV  
  17  1:51  Supply Depot  
  17  1:52  Supply Depot  
  17  1:57  SCV  
  18  2:14  SCV  
  19  2:31  SCV  
  20  2:48  SCV  
  21  3:05  SCV  
  22  3:22  SCV  
  22  3:23  Barracks x2  
  22  3:26  Barracks  
  23  3:40  Engineering Bay  
  23  3:42  Engineering Bay  
  23  3:43  SCV  
  24  4:00  SCV  
  24  4:03  Barracks Reactor  
  24  4:07  Barracks Tech Lab x2  
  25  4:14  Unknown  
  25  4:49  SCV  
  26  5:04  Stabilizer Medpacks  
  26  5:05  Marine  
  26  5:06  Marine, SCV  
  29  5:13  Marine  
  29  5:14  Marine  
  29  5:16  Marine x2  
  33  5:24  Marine x2  
  33  5:26  Marine x2  
  37  5:32  Supply Depot  
  37  5:34  Marine x2  
  37  5:36  Marine x2  
  41  5:42  Supply Depot  
  41  5:44  Marine x2, Supply Depot  
  43  6:01  Medic x2  
  43  6:04  Unknown  
  47  6:11  Medic  
  47  6:12  Medic  
  51  6:43  SCV  
  52  7:00  SCV  
  52  7:04  Terran Infantry Weapons Level 1, Terran Infantry Armor Level 1  
  53  7:17  SCV  
  54  7:31  Command Center  
  54  7:34  SCV  
  55  7:47  Concussive Shells  
  55  7:48  Marine  
  55  7:49  Marine  
  55  7:51  SCV  
  55  7:59  Marine x2  
  58  8:09  Marine x2  
  60  8:18  Factory  
  62  8:54  Supply Depot  
  62  8:55  Marauder x2  
  62  8:58  Supply Depot  
  66  9:08  Marauder x2, Supply Depot  
  70  9:41  Armory  
  70  9:42  Armory  
  70  9:44  Unknown  
  70  10:08  SCV  
  71  10:25  SCV  
  72  10:42  SCV  
  73  10:58  SCV  
  74  11:15  SCV  
  74  11:17  Terran Infantry Weapons Level 2, Terran Infantry Armor Level 2  
  75  11:21  Marauder x2  
  75  11:26  Marine  
  75  11:27  Marine  
  81  11:34  Marauder x2  
  81  11:37  Marine x2  
  86  11:46  Marauder  
  86  11:47  Marauder, Marine x2  
  86  11:48  Refinery  
  91  11:50  Refinery  
  91  11:52  SCV  
  91  11:57  Marine x2  
  91  11:59  Medic x2  
  94  12:09  SCV  
  101  12:26  SCV  
  102  12:41  Supply Depot x2  
  102  12:44  SCV, Supply Depot x2  
  102  12:45  Supply Depot  
  102  12:48  Supply Depot x2  
  103  12:50  Supply Depot  
  103  13:21  Terran Vehicle And Ship Armor Level 1, Terran Vehicle and Ship Weapons Level 1  
  103  13:28  Marauder x2  
  107  13:41  Marauder x2  
  107  13:44  SCV  
  112  13:53  Marauder  
  112  13:54  Marauder  
  116  14:00  Marine x2  
  116  14:01  SCV  
  116  14:06  Marauder x2  
  123  14:10  Marine x2  
  125  14:20  Marine x2  
  125  14:27  Unknown  
  127  14:30  Marine  
  127  14:31  Marine  
  129  15:09  Terran Infantry Weapons Level 3, Terran Infantry Armor Level 3  
  123  15:13  Marine x2  
  119  15:23  Marine x2  
  119  15:33  Marine x2  
  118  15:43  Marine x2  
  114  16:49  Marine x2  
  111  16:58  Marauder x2  
  111  16:59  Marine x2  
  104  17:10  Marine x2  
  118  17:11  Marauder x2  
  124  17:20  Marine x2  
  124  17:24  Marauder x2  
  130  17:30  Marine x2  
  130  17:36  Marauder x2  
  136  17:40  Marine x2  
  136  17:49  Marauder x2  
  138  17:50  Marine x2  
  144  18:01  Medic x2  
  139  18:49  Unknown  
  114  19:21  Marine  
  114  19:22  Marine  
  114  19:27  Firebat x2  
  115  19:32  Marine x2  
Tags
 
Commander
RaynorStukov
Matchup
Co-op
Replay Pack
Multiplayer
Add a new tag
Caveats
  • Supply blocks, unpowered buildings, or Contaminate may cause inaccurate times.
  • Supply counts are checked every 10 seconds.